 Dungeon Crawl Stone Soup version 0.30-a0-629-gd54f4be4f7 (webtiles) character file.

Game seed: 15835463996965566686

224751 sokol815 the Unseen (level 19, -12/156 HPs)
             Began as an Octopode Gladiator on Jan 10, 2023.
             Was an Initiate of Gozag.
             Mangled by a vault warden
             ... wielding a +4 great sword of protection
              (57 damage)
             ... on level 1 of the Vaults on Jan 12, 2023.
             The game lasted 03:17:20 (54116 turns).

sokol815 the Unseen (Octopode Gladiator)           Turns: 54116, Time: 03:17:20

Health: -12/156    AC: 31    Str: 21    XL:     19   Next: 30%
Magic:  10/42      EV: 25    Int: 40    God:    Gozag
Gold:   792        SH:  5    Dex: 19    Spells: 3/38 levels left

rFire   + . .      SeeInvis .    a - +8 arc blade {discharge, rElec}
rCold   + . .      Faith    .    (no shield)
rNeg    + + +      Spirit   .    S - +1 hat of the Blue Moon {Str+4 Int+3}
rPois   ∞          Reflect  +    t - amulet of reflection
rElec   +          Harm     .    x - ring of magical power {MP+9}
rCorr   +          Rampage  .    r - +6 ring of intelligence
Will    +....                    X - +5 ring of evasion
Stlth   ++++++++                 e - ring "Huepehyg" {rElec rCorr Str+3 Dex+6}
HPRegen 0.46/turn                Z - ring "Hotelib" {rC+ rN++}
MPRegen 0.28/turn                W - ring of willpower
                                 n - ring of Xom's Amusement {rPois rF+ rN+ Will- Int+7}
                                 p - +6 ring of intelligence

@: statue-form, gold aura, very slow
A: slow and powerful, torment resistance 1, boosted hp, almost no armour,
amphibious, 8 rings, camouflage 1, (gelatinous body 1), (nimble swimmer 1),
tentacles, wild magic 1
}: 1/15 runes: gossamer
a: End Transformation, Renounce Religion, Potion Petition, Call Merchant, Bribe
Branch


You were on level 1 of the Vaults.
You worshipped Gozag.
Gozag was pleased with you.
You were a living statue of rough stone.
You visited 7 branches of the dungeon, and saw 30 of its levels.
You also visited: Trove, Sewer, Gauntlet and Volcano.

You collected 11063 gold pieces.
You spent 4893 gold pieces at shops.
You paid 5378 gold pieces to Gozag.

Inventory:

Hand Weapons
 a - the +8 arc blade (weapon) {discharge, rElec}
   (You bought it in a shop on level 1 of the Vaults)

   It occasionally unleashes powerful arcs of lightning upon striking a foe.
   These may arc to other adjacent creatures (including the wielder, but dealing
   reduced damage to them) before grounding out.
   rElec:     It insulates you from electricity.
 b - the +10 dagger of Stickiness {drain, *Noise rF+ SInv}
   (You bought it in a shop on level 11 of the Dungeon)

   rF:        It protects you from fire.
   SInv:      It lets you see invisible.
   *Noise:    It may make noises in combat.
 c - the +8 shortbow of the Conjuring Gods {freeze, MP+9 Dex+5}
   (You found it in a treasure trove)

   Dex:       It affects your dexterity (+5).
   MP:        It affects your magic capacity (+9).
Missiles
 u - 8 javelins
 Q - 3 silver javelins
Armour
 C - a +3 buckler
   (You took it off a gnoll sergeant on level 6 of the Dungeon)
 S - the +1 hat of the Blue Moon (worn) {Str+4 Int+3}
   (You found it in a treasure trove)

   Str:       It affects your strength (+4).
   Int:       It affects your intelligence (+3).
Magical Staves
 h - a staff of cold {rC+}
   (You found it on level 5 of the Lair of Beasts)
Jewellery
 e - the ring "Huepehyg" (on tentacle) {rElec rCorr Str+3 Dex+6}
   (You bought it in a shop on level 11 of the Dungeon)

   [ring of dexterity]

   Str:       It affects your strength (+3).
   Dex:       It affects your dexterity (+6).
   rElec:     It insulates you from electricity.
   rCorr:     It protects you from acid and corrosion.
 g - the ring "Vusmasa" {Wiz rPois Int+2}
   (You found it in a Gauntlet)

   [ring of wizardry]

   It improves your spell success rate.
   Int:       It affects your intelligence (+2).
   rPois:     It protects you from poison.
 i - the amulet of Regas {Spirit rElec rF- rN++ Dex+4}
   (You bought it in a shop on level 11 of the Dungeon)

   [amulet of guardian spirit]

   It causes incoming damage to be divided between your reserves of health and
   magic.
   Dex:       It affects your dexterity (+4).
   rF:        It makes you vulnerable to fire.
   rElec:     It insulates you from electricity.
   rN:        It greatly protects you from negative energy.
 k - the ring of the Aged Prophets {AC+4 Str+4}
   (You found it in a treasure trove)

   [ring of protection]

   AC:        It affects your AC (+4).
   Str:       It affects your strength (+4).
 n - the ring of Xom's Amusement (on tentacle) {rPois rF+ rN+ Will- Int+7}
   (You found it on level 5 of the Lair of Beasts)

   [ring of positive energy]

   Int:       It affects your intelligence (+7).
   rF:        It protects you from fire.
   rPois:     It protects you from poison.
   rN:        It protects you from negative energy.
   Will:      It decreases your willpower.
 p - a +6 ring of intelligence (on tentacle)
   (You found it on level 3 of the Lair of Beasts)
 r - a +6 ring of intelligence (right tentacle)
   (You found it on level 4 of the Lair of Beasts)
 t - an amulet of reflection (around mantle)
   (You found it on level 5 of the Lair of Beasts)
 w - an amulet of the acrobat
   (You found it on level 6 of the Dungeon)
 x - a ring of magical power (left tentacle) {MP+9}
   (You found it on level 11 of the Dungeon)
 z - a ring of magical power {MP+9}
   (You found it on level 8 of the Dungeon)
 W - a ring of willpower (on tentacle)
   (You found it on level 3 of the Spider Nest)
 X - a +5 ring of evasion (on tentacle)
   (You found it on level 6 of the Dungeon)
 Z - the ring "Hotelib" (on tentacle) {rC+ rN++}
   (You bought it in a shop on level 11 of the Dungeon)

   [ring of protection from cold]

   rC:        It protects you from cold.
   rN:        It greatly protects you from negative energy.
Wands
 d - a wand of digging (5)
   (You found it on level 14 of the Dungeon)
 j - a wand of polymorph (25)
   (You found it in a Gauntlet)
 q - a wand of flame (5)
   (You found it on level 1 of the Lair of Beasts)
 y - a wand of mindburst (27)
   (You found it on level 5 of the Lair of Beasts)
Scrolls
 f - 5 scrolls of torment {!r}
 s - a scroll of amnesia
 D - 3 scrolls of blinking {!r}
 E - a scroll of fog
 F - a scroll of butterflies
 I - 10 scrolls of identify {@r1}
 K - 2 scrolls of immolation {!r}
 O - a scroll of silence
 V - 4 scrolls of poison
 Y - 8 scrolls of teleportation {@r3}
Potions
 m - 3 potions of cancellation
 o - 5 potions of magic
 A - 6 potions of attraction {!q}
 B - 7 potions of brilliance
 G - 10 potions of ambrosia {!q}
 H - 7 potions of haste
 J - 15 potions of curing {@q1}
 L - 2 potions of flight
 M - 8 potions of might
 N - 2 potions of heal wounds {@q2}
 P - 8 potions of lignification {!q}
 R - 5 potions of resistance
 T - 3 potions of berserk rage {!q}
 U - 5 potions of mutation {!q}
Miscellaneous
 l - a condenser vane
   (You found it in a Gauntlet)
 v - a lightning rod (4/4)
   (You found it on level 11 of the Dungeon)


   Skills:
 - Level 8.0 Fighting
 * Level 10.7 Short Blades
 - Level 3.0 Polearms
 - Level 2.0 Throwing
 - Level 12.0 Dodging
 - Level 18.0 Stealth
 - Level 4.0 Shields
 - Level 10.0 Spellcasting
 - Level 8.0 Conjurations
 - Level 6.0 Hexes
 + Level 9.7 Transmutations
 + Level 17.8 Ice Magic
 - Level 10.0 Earth Magic


You had 3 spell levels left.
You knew the following spells:

 Your Spells              Type           Power      Damage    Failure   Level
a - Frozen Ramparts       Ice            100%       1d16      1%          3
b - Freezing Cloud        Conj/Ice/Air   43%        6-21      2%          5
c - Hailstorm             Conj/Ice       100%       3d20      1%          3
d - Ozocubu's Refrigerat  Ice            59%        4d20      2%          7
e - Yara's Violent Unrav  Hex/Tmut       41%        3d16      3%          5
f - Statue Form           Tmut/Erth      60%        N/A       8%          6
x - Stone Arrow           Conj/Erth      100%       3d13      1%          3
A - Ozocubu's Armour      Ice            100%       N/A       1%          3

Your spell library contained the following spells:

 Spells                   Type           Power      Damage    Failure   Level
 Freeze                   Ice            100%       1d10      1%          1
 Magic Dart               Conj           100%       1d8       1%          1
 Slow                     Hex            100%       N/A       1%          1
 Sting                    Tmut/Pois      100%       1d8       1%          1
 Searing Ray              Conj           100%       2d8       1%          2
 Wereblood                Tmut           91%        N/A       1%          2
 Confusing Touch          Hex            73%        N/A       1%          3
 Mephitic Cloud           Conj/Pois/Air  52%        N/A       3%          3
 Portal Projectile        Hex/Tloc       100%       N/A       3%          3
 Poisonous Vapours        Pois/Air       52%        N/A       4%          2
 Scorch                   Fire           52%        2d8       4%          2
 Sublimation of Blood     Necr           26%        N/A       4%          2
 Call Canine Familiar     Summ           26%        N/A       9%          3
 Kindle Blastsparks       Fire/Tloc/Air  52%        2d14      9%          3
 Vampiric Draining        Necr           26%        2d7       9%          3
 Vhi's Electric Charge    Tloc/Air       52%        N/A       9%          3
 Leda's Liquefaction      Hex/Erth       41%        N/A       1%          4
 Summon Ice Beast         Ice/Summ       87%        N/A       1%          4
 Lee's Rapid Deconstruct  Erth           46%        3d22*     1%          5
 Metabolic Englaciation   Hex/Ice        50%        N/A       1%          5
 Fulminant Prism          Conj/Hex       39%        3d18      2%          4
 Flame Wave               Conj/Fire      61%        2d14      5%          4
 Iskenderun's Mystic Bla  Conj/Tloc      61%        2d13      5%          4
 Arcjolt                  Conj/Air       30%        1d40      14%         5
 Silence                  Hex/Air        27%        N/A       21%         5
 Summon Mana Viper        Hex/Summ       55%        N/A       21%         5
 Manifold Assault         Tloc           26%        N/A       24%         4
 Olgreb's Toxic Radiance  Pois           26%        N/A       24%         4
 Passage of Golubria      Tloc           26%        N/A       24%         4
 Summon Forest            Summ/Tloc      13%        N/A       52%         5
 Polar Vortex             Ice            59%        N/A       82%         9
 Enfeeble                 Hex            36%        N/A       83%         7
 Dispersal                Tloc           13%        N/A       97%         6
 Summon Cactus Giant      Summ           13%        N/A       97%         6
 Lehudib's Crystal Spear  Conj/Erth      44%        10d11     98%         8
 Monstrous Menagerie      Summ           13%        N/A       100%        7
 Summon Hydra             Summ           13%        N/A       100%        7
 Disjunction              Tloc           13%        N/A       100%        8
 Maxwell's Capacitive Co  Air            13%        ∞         100%        8
 Animate Armour           Summ/Erth      Unusable   N/A       N/A         4
 Simulacrum               Ice/Necr       Unusable   N/A       N/A         6

Dungeon Overview and Level Annotations

Branches:
Dungeon (15/15) Zot: 23665  Temple (1/1) D:6 Zot: 5845    Lair (5/5) D:11 Zot: 19430
 Shoals (0/4) Lair:3       Spider (4/4) Lair:3 Zot: 13311   Slime (0/5) Lair:4
    Orc (2/2) D:11 Zot: 8328     Elf (2/3) Orc:2 Zot: 7759  Vaults (1/5) D:14 Zot: 4920
 Depths (0/4) D:15          Sewer (visited)         Volcano (visited)
Gauntlet (visited)

Altars:
Ashenzari
Cheibriados
Dithmenos
Elyvilon
Fedhas
Gozag
Hepliaklqana
Kikubaaqudgha
Makhleb
Nemelex Xobeh
Okawaru
Qazlal
Ru
Sif Muna
Trog
Uskayaw
Vehumet
Wu Jian
Xom
Yredelemnul
Zin
The Shining One
Jiyva

Shops:
D:1 (   D:5 ?   D:10 (   D:11 (::==   D:15 (   Orc:2 ([*=   Elf:1 :
Vaults:1 (*

Annotations:
D:15 3 runed translucent doors, Tolur's ghost, adept DEFE
Lair:5 2 transporters, wormed's ghost, journeyman VSFi
Spider:3 exclusions: culicivora, ghost moth and 2 tarantellas, Bai Suzhen
Elf:1 3 runed translucent doors, jejorda2's ghost, adept MfBe
Elf:2 3 runed translucent doors


Innate Abilities, Weirdness & Mutations

You are a living statue of rough stone.
Your actions are slow, but your melee attacks are powerful.
You are resistant to unholy torment.
Your maximum health is greatly increased.
You are immune to poison.
You cannot wear most types of armour.
You are amphibious.
You can wear up to eight rings at the same time.
Your skin changes colour to match your surroundings (Stealth+).
((Your rubbery body absorbs attacks. (AC +1, EV +1)))
((You are camouflaged when in or above water. (Stealth+)))
You have tentacles for arms and can constrict up to eight enemies at once.
Your spells are a little harder to cast, but a little more powerful.


Message History

The ironbound convoker shouts!
You now have 156/156 hp.
The stone arrow hits the ironbound convoker!!
You now have 34/42 mp.
You hit the ironbound convoker but do no damage.
You grab the ironbound convoker. You squeeze the ironbound convoker.
You constrict the ironbound convoker.
The ironbound convoker completely misses you.
You puncture the ironbound convoker!
The arc blade crackles.
The ironbound convoker is struck by an arc of lightning!
You resist.
You are struck by an arc of lightning.
The ironbound convoker is struck by an arc of lightning!
You kill the ironbound convoker!
You resist.
You are struck by an arc of lightning.
You take 6 damage, and have 150/156 hp.
You now have 766 gold pieces (gained 7).
Things that are here:
a +0 great mace; a +0 scale mail
There is an open door here.
There is an open door here.
You open the door. You open the door.
There is an open door here.
Things that are here:
a +0 great mace; a +0 scale mail Your transformation is almost over.
You revert to your normal fleshy form.
You now have 788 gold pieces (gained 22).
You open the door.
There is an open door here.
You open the door.
There is an open door here.
You open the door.
There is an open door here.
A vault sentinel comes into view. It is wielding a +0 long sword.
You now have 120/120 hp.
You turn into a living statue of rough stone.
You now have 156/156 hp.
The helpless vault sentinel fails to defend itself.
You stick the vault sentinel like a pincushion!!!!!
You kill the vault sentinel!
You now have 792 gold pieces (gained 4).
Things that are here:
a +0 long sword; a +0 arbalest; a +0 scale mail Adjust to which letter? (? for menu, Esc to quit)
b - the +10 dagger of Stickiness {drain, *Noise rF+ SInv}
h - a staff of cold {rC+} MP restored: 42 You open the door.
There is an open door here.
You open the door.
There is an open door here.
There is an open door here.
A vault warden and an ironbound convoker come into view.
The vault warden is wielding a +4 great sword of protection.
The vault warden shouts!
The ironbound convoker shouts!
An ironbound frostheart comes into view.
A dire elephant comes into view.
The vault warden activates a sealing rune.
A dire elephant comes into view.
A dire elephant comes into view.
The ironbound convoker gestures at the vault warden while chanting.
The vault warden seems to grow stronger.
The dire elephant trumpets! x2
You extend your transformation's duration.
The ironbound frostheart shouts!
The dire elephant trumpets!
You now have 36/42 mp.
Unknown command.
The heat is drained from your surroundings.
The ironbound frostheart resists.
The vault warden hits you with a +4 great sword of protection!!!
The ironbound convoker points at the ironbound frostheart and mumbles some strange words.
The ironbound frostheart seems to grow stronger.
You take 43 damage, and have 113/156 hp.
MASSIVE DAMAGE!!
You now have 29/42 mp.
The heat is drained from your surroundings.
You kill the ironbound convoker!
The ironbound frostheart resists.
The vault warden hits you with a +4 great sword of protection!!
The dire elephant is distracted by your dazzling golden aura.
The vault warden hits you with a +4 great sword of protection!!!
* * * LOW HITPOINT WARNING * * *
The ironbound frostheart is distracted by your dazzling golden aura.
The ironbound frostheart shouts!
The dire elephant trumpets!
You take 69 damage, and have 44/156 hp.
MASSIVE DAMAGE!!
You now have 23/42 mp.
The heat is drained from your surroundings.
The ironbound frostheart resists.
The ironbound frostheart is no longer distracted by gold.
The dire elephant is no longer distracted by gold.
You now have 16/42 mp.
The heat is drained from your surroundings.
The ironbound frostheart resists.
You kill the dire elephant!
The dire elephant barely misses you. The dire elephant closely misses you.
The vault warden hits you with a +4 great sword of protection!!!
You die...
Your body crumbles into a pile of gold.

.........# .........#
.....$...# .........#
....# .........# .^..#
......Y..# #....#
.......Yp########....#
......p8.............#
.....................#
.......^.............#
.....................#
......#########......#
...... #......# ......
#......# ......
#......# ...
#......###


You could see 2 dire elephants, a vault warden (strong) and an ironbound
frostheart (strong).

Vanquished Creatures
  Nikola (Spider:2)
  A tengu reaver (D:12)
  A fire giant (D:12)
  2 vault wardens (Vaults:1)
  3 emperor scorpions
  8 ghost moths
  An orc warlord (Orc:2)
  A broodmother (Spider:4)
  4 ironbound preservers (Vaults:1)
  A deep elf demonologist (Elf:2)
  A minotaur (Gauntlet)
  A red draconian (Volcano)
  4 dire elephants
  A spark wasp (Spider:4)
  An entropy weaver (Spider:4)
  A fire dragon (D:15)
  A deep elf high priest (Elf:1)
  6 vault guards
  4 hydras
  2 ice dragons (D:15)
  5 jorogumos
  2 radroaches
  4 centaur warriors
  A catoblepas (D:15)
  A death scarab (Spider:2)
  4 boulder beetles
  12 dancing weapons
  3 two-headed ogres
  5 death yaks
  Urug (Orc:1)
  4 orc high priests
  8 deep elf knights
  A salamander mystic (Volcano)
  Lodul (D:13)
  A sun moth (Spider:3)
  5 skeletal warriors
  A spectral anaconda (Lair:5)
  4 pharaoh ants
  13 deep trolls (Vaults:1)
  11 deep elf archers
  12 steelbarb worms
  6 orb spiders
  An obsidian statue (Lair:5)
  4 orc knights
  2 ironbound convokers (Vaults:1)
  4 necromancers (Lair:5)
  Pikel (D:5)
  21 deep elf pyromancers
  22 wolf spiders
  21 deep elf zephyrmancers
  2 lindwurms (Vaults:1)
  17 ugly things
  7 cyclopes
  6 orc sorcerers
  2 manticores
  4 salamanders (Volcano)
  A dire elephant zombie (Lair:5)
  18 elephants (Lair:5)
  5 black mambas
  A water nymph (Lair:3)
  8 demonic crawlers
  2 vault sentinels (Vaults:1)
  14 cane toads
  4 torpor snails
  An efreet (D:15)
  A freezing wraith (D:15)
  A kobold demonologist (D:11)
  3 rime drakes
  3 yaktaurs (Vaults:1)
  A tengu conjurer (D:14)
  7 komodo dragons
  4 meliai
  5 trolls
  4 polar bears (Lair:1)
  A hornet (D:8)
  6 blink frogs
  A merfolk (shapeshifter) (D:12)
  4 dream sheep (Lair:5)
  41 tarantellas
  A raiju (shapeshifter) (D:15)
  The ghost of bande the Covered, an amateur GrFi (D:4)
  Sigmund (D:2)
  19 jumping spiders
  3 large abominations (Gauntlet)
  13 slime creatures
  A centaur simulacrum (D:14)
  13 culicivoras
  10 flying skulls (Gauntlet)
  A vampire (D:13)
  A water elemental (Elf:2)
  A shadow (D:8)
  6 wyverns
  2 air elementals (Elf:2)
  2 wraiths
  41 yaks
  8 humans (D:14)
  A dire elephant simulacrum (Lair:5)
  7 basilisks
  A fire elemental (Elf:2)
  A death yak simulacrum (Lair:5)
  12 vampire mosquitoes
  A steam dragon (D:9)
  52 redbacks
  A harpy simulacrum (D:14)
  2 spectral cane toads (Lair:5)
  4 wargs
  An acid dragon (D:10)
  17 water moccasins
  An ice beast (D:8)
  33 orc warriors
  14 ogres
  A swamp drake (D:11)
  A sky beast (D:7)
  A boggart (D:12)
  3 centaurs
  20 wolves
  A lemure (D:5)
  4 kobold brigands
  11 bullfrogs
  3 gnoll sergeants
  A cane toad simulacrum (Lair:5)
  3 scorpions
  11 wights
  An elephant simulacrum (Lair:5)
  4 howler monkeys
  5 small abominations (Gauntlet)
  A gnoll bouda (D:5)
  2 hounds
  Crazy Yiuf (D:2)
  A jelly (D:6)
  30 orc priests
  Jessica (D:2)
  2 iguanas
  26 orc wizards
  11 gnolls
  12 adders
  6 river rats (Sewer)
  3 ufetubi
  2 worms
  2 dart slugs
  84 orcs
  3 bats
  6 endoplasms
  11 giant cockroaches
  4 goblins
  13 hobgoblins
  2 jackals (D:5)
  33 kobolds
  4 quokkas
  9 ball pythons
  4 frilled lizards
  22 rats
1037 creatures vanquished.

Vanquished Creatures (others)
  A human (D:14)
  A bush (D:11)
  32 fungi
  58 plants
  25 withered plants (Lair:5)
117 creatures vanquished.

Grand Total: 1154 creatures vanquished

Notes
Turn   | Place    | Note
-------+----------+-------------------------------------------
     0 | D:1      | sokol815 the Octopode Gladiator began the quest for the
                  | Orb.
     0 | D:1      | Reached XP level 1. HP: 14/14 MP: 1/1
    13 | D:1      | Reached skill level 1 in Stealth
    19 | D:1      | Found Baeqod's Weapon Shop.
    35 | D:1      | Reached skill level 2 in Stealth
    68 | D:1      | Reached XP level 2. HP: 19/19 MP: 2/2
   103 | D:1      | Reached skill level 1 in Short Blades
   256 | D:1      | Reached XP level 3. HP: 24/24 MP: 3/3
   499 | D:1      | Reached skill level 3 in Stealth
   579 | D:1      | Found a faded altar of an unknown god.
   616 | D:2      | Noticed Jessica
   622 | D:2      | Killed Jessica
   623 | D:2      | Reached skill level 2 in Short Blades
   623 | D:2      | Reached XP level 4. HP: 29/29 MP: 4/4
   979 | D:2      | Noticed Sigmund
   999 | D:2      | Killed Sigmund
  1000 | D:2      | Reached skill level 4 in Short Blades
  1000 | D:2      | Reached skill level 5 in Stealth
  1000 | D:2      | Reached XP level 5. HP: 28/34 MP: 5/5
  1000 | D:2      | Reached XP level 6. HP: 32/39 MP: 6/6
  1083 | D:2      | Learned a level 3 spell: Frozen Ramparts
  1530 | D:2      | Found a runed translucent door.
  1531 | D:2      | Noticed Crazy Yiuf
  1787 | D:3      | You fall into a shaft and drop 1 floor!
  1822 | D:3      | Found a glowing drain.
  1866 | Sewer    | Entered a sewer
  1898 | Sewer    | Reached skill level 1 in Ice Magic
  2192 | Sewer    | Reached skill level 5 in Short Blades
  2192 | Sewer    | Reached skill level 1 in Spellcasting
  2192 | Sewer    | Reached skill level 2 in Ice Magic
  2192 | Sewer    | Reached XP level 7. HP: 39/45 MP: 8/8
  4096 | D:4      | Found a runed translucent gate.
  4097 | D:4      | Noticed bande's ghost (amateur GrFi)
  4101 | D:4      | Reached skill level 6 in Stealth
  4108 | D:4      | Reached skill level 3 in Ice Magic
  4194 | D:4      | Found a runed translucent gate.
  4194 | D:4      | Found a runed translucent gate.
  4472 | D:5      | Entered Level 5 of the Dungeon
  4521 | D:5      | Reached skill level 2 in Spellcasting
  4521 | D:5      | Reached XP level 8. HP: 43/50 MP: 8/11
  4710 | D:5      | Found a burning altar of Makhleb.
  4735 | D:5      | Reached skill level 6 in Short Blades
  4912 | D:5      | Reached skill level 4 in Ice Magic
  5094 | D:5      | Found Cestan's Magic Scroll Emporium.
  5166 | D:5      | HP: 10/50 [something (3)]
  5178 | D:5      | HP: 7/50 [orc priest/divine providence (8)]
  5178 | D:5      | HP: 1/50 [something/magic dart (6)]
  5489 | D:6      | Noticed Pikel
  5520 | D:5      | Killed Pikel
  5521 | D:5      | Reached skill level 7 in Short Blades
  5521 | D:5      | Reached skill level 7 in Stealth
  5521 | D:5      | Reached skill level 3 in Spellcasting
  5521 | D:5      | Reached skill level 5 in Ice Magic
  5521 | D:5      | Reached XP level 9. HP: 30/54 MP: 8/13
  5997 | D:6      | Found a staircase to the Ecumenical Temple.
  6007 | Temple   | Entered the Ecumenical Temple
  6151 | Temple   | Became a worshipper of Gozag Ym Sagoz the Greedy
  6642 | D:7      | Reached skill level 8 in Stealth
  6642 | D:7      | Reached skill level 6 in Ice Magic
  6651 | D:7      | HP: 8/51 [water moccasin (5)]
  6654 | D:7      | HP: 1/51 [water moccasin (7)]
  6996 | D:7      | Reached skill level 4 in Spellcasting
  7000 | D:7      | HP: 4/54 [gnoll sergeant/+0 trident (10)]
  7188 | D:6      | Reached skill level 8 in Short Blades
  7697 | D:7      | Reached skill level 1 in Shields
  7975 | D:7      | Reached skill level 2 in Shields
  8046 | D:7      | Gained mutation: Your spells are a little harder to cast,
                  | but a little more powerful. [potion of mutation]
  8364 | D:8      | Reached skill level 9 in Stealth
  8562 | D:8      | Reached skill level 3 in Shields
  8562 | D:8      | Reached XP level 10. HP: 60/60 MP: 16/16
  8637 | D:8      | Reached skill level 9 in Short Blades
  8745 | D:8      | Learned a level 2 spell: Searing Ray
  8941 | D:9      | Reached skill level 1 in Conjurations
  9040 | D:9      | Reached skill level 4 in Shields
  9294 | D:9      | Learned a level 3 spell: Stone Arrow
  9351 | D:9      | Reached skill level 2 in Conjurations
  9415 | D:9      | HP: 12/60 [steam dragon (8)]
  9421 | D:9      | HP: 11/60 [something (6)]
  9443 | D:9      | HP: 14/60 [orc wizard/puff of flame (4)]
  9602 | D:9      | Found a blossoming altar of Fedhas.
  9850 | D:9      | Found a shimmering blue altar of Sif Muna.
  9851 | D:9      | Identified a scroll of acquirement
  9851 | D:9      | Acquired the +1 hat of Grace {rElec rPois Dex-4}
  9902 | D:9      | Reached skill level 3 in Conjurations
 10220 | D:10     | Entered Level 10 of the Dungeon
 10220 | D:10     | Noticed a two-headed ogre
 10222 | D:10     | Killed a two-headed ogre
 10223 | D:10     | Reached skill level 10 in Short Blades
 10223 | D:10     | Reached skill level 10 in Stealth
 10223 | D:10     | Reached skill level 4 in Conjurations
 10262 | D:10     | Found a basalt altar of Yredelemnul.
 10263 | D:10     | Found a snail-covered altar of Cheibriados.
 10643 | D:10     | Reached skill level 5 in Conjurations
 10690 | D:10     | Found Qetseixo's Antique Weapon Emporium.
 11030 | D:10     | Reached XP level 11. HP: 64/64 MP: 17/17
 11063 | D:10     | Reached skill level 11 in Stealth
 11413 | D:10     | Learned a level 3 spell: Hailstorm
 11433 | D:11     | Reached skill level 6 in Conjurations
 11651 | D:11     | Found a staircase to the Lair.
 11675 | D:11     | Reached skill level 12 in Stealth
 12118 | D:11     | Found a portal to a secret trove of treasure.
 12236 | D:11     | Noticed a boulder beetle
 12635 | D:11     | Killed a boulder beetle
 12636 | D:11     | Reached skill level 7 in Conjurations
 12636 | D:11     | Reached skill level 1 in Earth Magic
 12793 | D:11     | Reached skill level 2 in Earth Magic
 12797 | D:11     | Noticed a two-headed ogre
 13163 | D:11     | Killed a two-headed ogre
 13244 | D:11     | Reached skill level 3 in Earth Magic
 13293 | D:11     | Found a staircase to the Orcish Mines.
 13539 | D:11     | Bought a crystal dagger for 175 gold pieces
 13539 | D:11     | Identified the +10 dagger of Stickiness {drain, *Noise rF+
                  | SInv} (You bought it in a shop on level 11 of the Dungeon)
 13546 | Lair:1   | Entered Level 1 of the Lair of Beasts
 13551 | Lair:1   | Reached skill level 7 in Ice Magic
 13568 | Lair:1   | Found a dark tunnel.
 13659 | Lair:1   | HP: 10/64 [polar bear (13)]
 13664 | Lair:1   | Reached skill level 8 in Conjurations
 13664 | Lair:1   | HP: 8/64 [wolf (7)]
 13665 | Lair:1   | HP: 1/64 [wolf (7)]
 13672 | Volcano  | Entered a volcano
 13890 | Volcano  | Noticed a salamander
 13895 | Volcano  | Killed a salamander
 13896 | Volcano  | Reached skill level 4 in Earth Magic
 13923 | Volcano  | Noticed a red draconian
 13930 | Volcano  | Killed a red draconian
 13931 | Volcano  | Reached skill level 5 in Earth Magic
 13931 | Volcano  | Reached XP level 12. HP: 49/70 MP: 18/18
 14137 | Volcano  | Reached skill level 6 in Earth Magic
 14156 | Volcano  | Reached skill level 8 in Dodging
 14156 | Volcano  | Reached XP level 13. HP: 41/74 MP: 19/19
 14157 | Volcano  | Reached skill level 8 in Fighting
 14157 | Volcano  | Reached XP level 14. HP: 53/94 MP: 19/20
 14245 | Lair:1   | Reached skill level 8 in Ice Magic
 14475 | Lair:1   | Reached skill level 7 in Earth Magic
 15181 | Lair:1   | Reached skill level 8 in Earth Magic
 15881 | Lair:1   | Reached skill level 9 in Dodging
 17142 | Lair:3   | Reached skill level 10 in Dodging
 17189 | Lair:3   | Found a hole to the Spider Nest.
 17360 | Lair:3   | Found a gate leading to a gauntlet.
 17379 | Gauntlet | Entered a Gauntlet
 17379 | Gauntlet | Found a transporter.
 17388 | Gauntlet | Found a transporter.
 17395 | Gauntlet | Noticed a balrug
 17396 | Gauntlet | Found a transporter.
 17400 | Gauntlet | Found a transporter.
 17405 | Gauntlet | Found a transporter.
 17405 | Gauntlet | Found a transporter.
 17410 | Gauntlet | Found a transporter.
 17415 | Gauntlet | Found a transporter.
 17479 | Gauntlet | Found a transporter.
 17495 | Gauntlet | Found a transporter.
 17495 | Gauntlet | Found a transporter.
 17509 | Gauntlet | Found a transporter.
 17634 | Gauntlet | Identified the ring "Vusmasa" {Wiz rPois Int+2}
 17638 | Gauntlet | Identified the +9 scimitar of Muce {pain, +Blink}
 17762 | Gauntlet | Reached skill level 11 in Dodging
 17769 | Gauntlet | HP: 17/94 [large abomination (24)]
 17940 | Gauntlet | Identified the +0 pair of boots of Time Monsters {rElec
                  | rPois Str+3 Stlth-}
 19167 | Lair:3   | Reached skill level 12 in Dodging
 19383 | D:11     | Bought the Monograph on Frigorific Putrescence for 660 gold
                  | pieces
 19391 | D:11     | Learned a level 7 spell: Ozocubu's Refrigeration
 19395 | D:11     | Learned a level 3 spell: Ozocubu's Armour
 19641 | D:12     | HP: 15/94 [skeletal warrior/+0 long sword (11)]
 19904 | Orc:1    | Entered Level 1 of the Orcish Mines
 20159 | Orc:1    | Noticed Urug
 20229 | Orc:1    | Killed Urug
 20593 | Orc:2    | Entered Level 2 of the Orcish Mines
 20704 | Orc:2    | Reached skill level 9 in Ice Magic
 20817 | D:11     | Bought a book of Misfortune for 420 gold pieces
 21114 | Orc:2    | Found a staircase to the Elven Halls.
 21886 | Orc:2    | Noticed an orc warlord
 21908 | Orc:2    | Reached XP level 15. HP: 95/99 MP: 21/21
 21937 | Orc:2    | Killed an orc warlord
 22135 | Orc:2    | Reached skill level 10 in Ice Magic
 23105 | Orc:2    | Reached skill level 11 in Ice Magic
 23184 | Orc:2    | Found Oroxul's Antique Armour Boutique.
 23185 | Orc:2    | Found Olizang's Antique Weapon Shop.
 23187 | Orc:2    | Found Odwaut's General Store.
 23187 | Orc:2    | Found Wuxutou's Jewellery Boutique.
 23498 | Orc:2    | Upgraded the game from 0.30-a0-618-gd6c86c23d0 to
                  | 0.30-a0-622-gddc90eaa04
 24712 | D:12     | Reached skill level 5 in Spellcasting
 25107 | D:12     | Noticed a tengu reaver
 25110 | D:12     | Reached skill level 12 in Ice Magic
 25113 | D:12     | Noticed a fire giant
 25119 | D:12     | HP: 2/99 [tengu reaver/bolt of cold (43)]
 25551 | Lair:3   | Reached skill level 6 in Spellcasting
 26040 | Lair:4   | Learned a level 5 spell: Yara's Violent Unravelling
 26640 | Lair:4   | Found a viscous altar of Jiyva.
 26640 | Lair:4   | Found a staircase to the Slime Pits.
 26887 | Lair:5   | Entered Level 5 of the Lair of Beasts
 26897 | Lair:5   | Noticed wormed's ghost (journeyman VSFi)
 26998 | Lair:5   | Found a transporter.
 27002 | Lair:5   | Found a transporter.
 27061 | Lair:5   | Reached skill level 7 in Spellcasting
 27093 | Lair:5   | Reached skill level 13 in Ice Magic
 27727 | Lair:5   | Reached XP level 16. HP: 105/105 MP: 27/27
 27844 | Lair:5   | Learned a level 5 spell: Freezing Cloud
 27940 | Lair:5   | Reached skill level 8 in Spellcasting
 28588 | Lair:5   | HP: 24/105 [dire elephant (4)]
 29694 | Lair:5   | Identified the ring of Xom's Amusement {rPois rF+ rN+ Will-
                  | Int+7}
 30164 | Lair:5   | Reached skill level 14 in Ice Magic
 30323 | D:12     | Killed a tengu reaver
 30324 | D:12     | Reached skill level 9 in Spellcasting
 30579 | D:12     | Identified the amulet of the Toothy Apricot {Faith Dex+4}
 30580 | D:12     | Identified the +10 spear "Puad" {freeze, rC++}
 30582 | D:12     | Identified the +6 shortbow "Hydrabane" {heavy, Dex+2}
 31562 | D:13     | Noticed Lodul
 31567 | D:13     | Killed Lodul
 31733 | D:13     | Found an ancient bone altar of Kikubaaqudgha.
 32429 | D:14     | Identified the +0 robe of the Gardener {Contam rF+ Int+2}
 32677 | D:14     | Identified the +2 sling of Chance {flame, Drain Int+3 Dex+3
                  | SInv}
 32880 | D:14     | Reached skill level 1 in Hexes
 32880 | D:14     | Reached skill level 1 in Transmutations
 33293 | D:14     | Reached skill level 2 in Hexes
 33293 | D:14     | Reached skill level 2 in Transmutations
 33693 | D:14     | Reached skill level 10 in Spellcasting
 33696 | D:14     | Reached skill level 3 in Hexes
 33696 | D:14     | Reached skill level 3 in Transmutations
 33875 | D:14     | Found a gate to the Vaults.
 34103 | D:15     | Entered Level 15 of the Dungeon
 34128 | D:15     | Found Aloret's Antique Weapon Shoppe.
 34476 | D:15     | Found a runed translucent gate.
 34488 | D:15     | Noticed a lich
 35288 | D:15     | Reached skill level 4 in Hexes
 35288 | D:15     | Reached skill level 4 in Transmutations
 35914 | D:15     | Found a staircase to the Depths.
 35997 | D:15     | Found a runed translucent gate.
 35997 | D:15     | Found an ancient bone altar of Kikubaaqudgha.
 35997 | D:15     | Noticed a lich
 35998 | D:15     | Found a runed translucent gate.
 35998 | D:15     | Noticed a lich
 35998 | D:15     | Noticed a lich
 35998 | D:15     | Noticed Tolur's ghost (adept DEFE)
 36232 | Spider:1 | Entered Level 1 of the Spider Nest
 36235 | Spider:1 | Reached skill level 15 in Ice Magic
 36235 | Spider:1 | Reached XP level 17. HP: 109/109 MP: 31/31
 36277 | Lair:3   | HP: 22/109 [demonic crawler (8)]
 36739 | Spider:1 | Reached skill level 5 in Transmutations
 36765 | Spider:1 | Reached skill level 5 in Hexes
 36934 | Spider:1 | You fall into a shaft and drop 1 floor!
 36934 | Spider:2 | Noticed Nikola
 36941 | Spider:2 | Killed Nikola
 37880 | Spider:1 | Reached skill level 6 in Transmutations
 37997 | Spider:1 | Reached skill level 6 in Hexes
 38262 | Spider:1 | Reached skill level 13 in Stealth
 40083 | Spider:2 | Reached skill level 14 in Stealth
 40521 | Spider:2 | Reached skill level 16 in Ice Magic
 41968 | Spider:3 | Reached skill level 15 in Stealth
 43078 | Spider:3 | Noticed Bai Suzhen
 43302 | D:11     | Bought the Directory of Burning Changing for 352 gold
                  | pieces
 43309 | D:11     | Learned a level 6 spell: Statue Form
 43385 | D:11     | You paid a toll of 6 scrolls of fear to enter a treasure
                  | trove
 43386 | Trove    | Entered a treasure trove
 43393 | Trove    | Identified the +1 hat of the Blue Moon {Str+4 Int+3}
 43395 | Trove    | Identified the +8 shortbow of the Conjuring Gods {freeze,
                  | MP+9 Dex+5}
 43397 | Trove    | Identified the +0 hat "Forget-Me-Not" {Fly Stlth+}
 43404 | Trove    | Identified the +0 hat of Terror {-Tele Int+7 Slay+6}
 43411 | Trove    | Identified the ring of the Aged Prophets {AC+4 Str+4}
 43512 | D:11     | Bought the ring "Huepehyg" {rElec rCorr Str+3 Dex+6} for
                  | 742 gold pieces
 43512 | D:11     | Bought the ring "Hotelib" {rC+ rN++} for 510 gold pieces
 43736 | D:11     | Bought the amulet of Regas {Spirit rElec rF- rN++ Dex+4}
                  | for 894 gold pieces
 43923 | Elf:1    | Entered Level 1 of the Elven Halls
 44326 | Elf:1    | Found a runed translucent gate.
 44326 | Elf:1    | Found a runed translucent gate.
 44326 | Elf:1    | Noticed jejorda2's ghost (adept MfBe)
 44327 | Elf:1    | Found a runed translucent gate.
 44339 | Elf:1    | Reached XP level 18. HP: 116/116 MP: 17/32
 45067 | Elf:1    | Found Xyclokot's Book Emporium.
 45755 | Elf:2    | Reached skill level 16 in Stealth
 45759 | Elf:2    | Reached skill level 7 in Transmutations
 46646 | Elf:2    | Reached skill level 9 in Earth Magic
 47519 | Elf:2    | Reached skill level 17 in Ice Magic
 47950 | Elf:2    | Found a runed translucent gate.
 47951 | Elf:2    | Found a runed translucent gate.
 47951 | Elf:2    | Found a runed translucent gate.
 48346 | Spider:1 | Upgraded the game from 0.30-a0-622-gddc90eaa04 to
                  | 0.30-a0-629-gd54f4be4f7
 48654 | Spider:4 | Entered Level 4 of the Spider Nest
 48690 | Spider:4 | Reached skill level 8 in Transmutations
 49218 | Spider:4 | HP: 29/116 [jorogumo (22)]
 49218 | Spider:4 | Paralysed by a jorogumo for 1 turns
 49569 | Spider:4 | HP: 12/116 [jorogumo (25)]
 49923 | Spider:4 | Reached skill level 17 in Stealth
 50546 | Spider:4 | Reached skill level 10 in Earth Magic
 51867 | Spider:4 | Reached skill level 9 in Transmutations
 52203 | Spider:4 | Reached XP level 19. HP: 120/120 MP: 0/33
 52222 | Spider:4 | Got a gossamer rune of Zot
 52771 | D:4      | Killed bande's ghost
 52890 | D:2      | Killed Crazy Yiuf
 53176 | Vaults:1 | Entered Level 1 of the Vaults
 53546 | Vaults:1 | Found Vaexelie's General Store.
 53606 | Vaults:1 | Found Esephok's Weapon Boutique.
 53614 | Vaults:1 | Bought the +8 arc blade {discharge, rElec} for 1140 gold
                  | pieces
 53614 | Vaults:1 | Found the +8 arc blade {discharge, rElec}
 53671 | Vaults:1 | Reached skill level 18 in Stealth
 54116 | Vaults:1 | Mangled by a vault warden

Illustrated notes

Levels and vault maps discovered:
D:1:      nzn_arrival_crosshair, layout_basic, basic_ecumenical_altar,
          serial_shops, nicolae_square_shop, minmay_bisected
D:2:      layout_loops_ring, minivault_23, uniq_sigmund,
          uniq_crazy_yiuf_cottage, uniq_jessica
D:3:      layout_basic, gup_sewer_entry_glass, st_stairs_3,
          kennysheep_small_spiral, minmay_misc_feat_rugged, roderic_lattice_a,
          skrybe_limestone_x
D:4:      layout_rooms, ebering_ghost_rock_garden
D:5:      layout_loops_ring, general_overflow_altar, serial_shops,
          nicolae_shop_stone, kennysheep_cross_room
D:6:      layout_basic, minmay_temple_entry_statues, uniq_pikel
D:7:      layout_basic, minivault_22
D:8:      layout_cave_pools
D:9:      layout_rooms, kennysheep_mini_moat, mainiacjoe_overflow_cross_hatched
D:10:     layout_loops_cross, nicolae_overflow_two_pavilions, serial_shops,
          nicolae_shop_hallway_plus
D:11:     layout_roguey, minmay_lair_entry_grove, erik_orc_1,
          nicolae_trove_entry_diagonal
D:12:     layout_loops_corners, minmay_checkered_concentric_circles
D:13:     layout_cave_pods, serial_column_ruins, column_ruins_square_small,
          column_ruins_hut, column_ruins_grid_1, column_ruins_corridor_straight,
          column_ruins_columns_plus, column_ruins_open_medium,
          column_ruins_grid_3, column_ruins_open_tiny, kiku_gazebo_pond_becter,
          uniq_lodul
D:14:     layout_basic, ximxim_vaults_locker_room,
          infiniplex_staircase_pillars_1, minmay_misc_feat_tower
D:15:     grunt_enter_depths_hoard, layout_loops_ring, gammafunk_ghost_crypt,
          grunt_decor_arrowhead, serial_shops, nicolae_shop_trees
Temple:   nicolae_temple_bog_church
Lair:1:   layout_cave_pods, nicolae_volcano_entry_two_sided, wad_woods_road_03,
          cheibrodos_lair_lostbears
Lair:2:   layout_cave_pods
Lair:3:   layout_regular_city, nicolae_shoals_entry_flooding,
          dummy_spider_entry, gauntlet_entry_generic,
          hangedman_lair_generics_rect
Lair:4:   layout_regular_city, dpeg_slime_entry_enclosed, lemuel_fruit_tree
Lair:5:   due_jungle_book, layout_small_grid, gammafunk_ghost_abyssal_escape
Spider:1: layout_spider_delve, nicolae_spider_twisty_arc_passages
Spider:2: layout_chambers, guppyfry_spider_mini_1, uniq_nikola
Spider:3: layout_chambers, uniq_bai_suzhen
Spider:4: grunt_spider_rune_parallel, spiders_nest_ghost_moth_duel
Orc:1:    layout_caves, sword_in_stone
Orc:2:    st_orc_congregation, layout_caves, nicolae_orc_rockfall
Elf:1:    minmay_elf_arrival_plus, layout_gridlike, serial_shops,
          nicolae_shop_trees, ebering_ghost_rock_garden,
          kennysheep_underground_church, eino_tiny_chamber
Elf:2:    nicolae_elf_blades_crystal_corner, layout_loops_corners
Vaults:1: nicolae_vaults_an_arrangement, nicolae_vaults_little_squares_4,
          v_misc_26, ontoclasm_vaults_misaligned,
          vaults_standard_mumra_enter_the_diamond, v_misc_28,
          nicolae_vaults_little_squares_4, vaults_room_pool,
          layout_vaults_chaotic_city, serial_shops, shop_statue, shop,
          nicolae_shop_hallway_stairs

Skill      XL: |  1  2  3  4  5  6  7  8  9 10 11 12 13 14 15 16 17 18 19 |
---------------+----------------------------------------------------------+-----
Stealth        | 2 3 5 6 7 9 10 12 15 17 18 | 18.0
Short Blades   | 1 2 4 5 7 8 10 | 10.7
Ice Magic      | 2 3 5 6 7 9 13 15 16 17 | 17.8
Spellcasting   | 1 2 3 4 7 10 | 10.0
Shields        | 3 4 |  4.0
Conjurations   | 5 8 |  8.0
Earth Magic    | 5 6 8 10 | 10.0
Dodging        | 8 12 | 12.0
Fighting       | 8 |  8.0
Hexes          | 4 6 |  6.0
Transmutations | 4 6 9 |  9.7
Polearms       | |  3.0
Throwing       | |  2.0

Action                   |  1- 3 |  4- 6 |  7- 9 | 10-12 | 13-15 | 16-18 | 19-21 || total
-------------------------+-------+-------+-------+-------+-------+-------+-------++-------
Melee: Trident           |    10 |       |       |       |       |       |       ||    10
       Constrict         |    15 |    34 |    62 |    24 |    39 |    32 |     7 ||   213
       Tentacles         |    18 |    27 |    72 |    60 |    94 |    88 |    12 ||   371
       Dagger            |    43 |     7 |    80 |   205 |   334 |   281 |    11 ||   961
       Short sword       |    12 |   150 |   205 |       |       |       |       ||   367
       Punch             |       |     1 |     4 |     3 |     7 |     5 |       ||    20
       Mace              |       |       |    12 |       |       |       |       ||    12
       Staff             |       |       |       |       |       |     5 |       ||     5
       Rapier            |       |       |       |       |       |       |    41 ||    41
 Fire: Shortbow          |       |       |       |       |       |     1 |       ||     1
Throw: Stone             |     4 |       |       |       |       |       |       ||     4
       Javelin           |     2 |       |       |       |       |       |       ||     2
       Dart              |       |       |       |     8 |     5 |       |       ||    13
 Cast: Frozen Ramparts   |       |       |    10 |    35 |    53 |    24 |       ||   122
       Searing Ray       |       |       |       |    38 |    24 |       |       ||    62
       Hailstorm         |       |       |       |     3 |    16 |       |       ||    19
       Stone Arrow       |       |       |       |       |   328 |   256 |     3 ||   587
       Ozocubu's Armour  |       |       |       |       |    28 |    73 |       ||   101
       Ozocubu's Refrige |       |       |       |       |       |   307 |    17 ||   324
       Yara's Violent Un |       |       |       |       |       |     4 |     1 ||     5
       Statue Form       |       |       |       |       |       |    17 |     9 ||    26
Invok: Call Merchant     |       |       |       |     2 |       |     3 |       ||     5
       Potion Petition   |       |       |       |     1 |     2 |     2 |       ||     5
Evoke: Wand              |       |       |     8 |     3 |     4 |     3 |       ||    18
  Use: Potion            |       |     2 |     7 |     5 |     2 |     4 |       ||    20
       Scroll            |       |     6 |     8 |    11 |    11 |     9 |       ||    45
 Stab: Sleeping          |     3 |    12 |    16 |    17 |    12 |    23 |     2 ||    85
       Invisible         |       |     2 |       |       |       |       |       ||     2
       Distracted        |       |       |     3 |     1 |     3 |     1 |     2 ||    10
Armor: Skin              |     4 |     7 |     7 |     4 |    34 |   103 |    31 ||   190
Dodge: Dodged            |    44 |    80 |   168 |   117 |   229 |   452 |    89 ||  1179
Block: Buckler           |       |       |     6 |    70 |    97 |   147 |       ||   320
       Other             |       |       |       |       |       |       |    12 ||    12

Table legend: (Time is in decaauts)
 A = Elapsed time spent in this place.
 B = Non-inter-level travel time spent in this place.
 C = Inter-level travel time spent in this place.
 D = Time resting spent in this place.
 E = Time spent auto-exploring this place.
 F = Levels seen in this place.
 G = Mean time per level.
                   A        B        C        D        E       F      G
               +--------+--------+--------+--------+--------+-----+--------+
         Total |  54309 |  50161 |   4148 |  17733 |  23417 |  34 | 1597.3 |
       Dungeon |  21816 |  19608 |   2208 |   5459 |  11104 |  15 | 1454.4 |
        Temple |    154 |    124 |     30 |      0 |    113 |   1 |  154.0 |
          Lair |  10569 |   9418 |   1151 |   2917 |   4671 |   5 | 2113.8 |
   Spider Nest |  10688 |  10211 |    477 |   4855 |   3555 |   4 | 2672.0 |
  Orcish Mines |   3671 |   3463 |    208 |   1300 |   1176 |   2 | 1835.5 |
   Elven Halls |   4240 |   4168 |     72 |   1959 |   1763 |   2 | 2120.0 |
        Vaults |   1078 |   1078 |      0 |    470 |    401 |   1 | 1078.0 |
         Trove |     52 |     52 |      0 |      0 |     24 |   1 |   52.0 |
         Sewer |    884 |    884 |      0 |    179 |    431 |   1 |  884.0 |
       Volcano |    558 |    558 |      0 |    375 |      0 |   1 |  558.0 |
      Gauntlet |    594 |    594 |      0 |    218 |    179 |   1 |  594.0 |
               +--------+--------+--------+--------+--------+-----+--------+

Top non-repeatable levels by time:
    D:11: 3584 daAuts
Spider:4: 3232 daAuts
  Lair:5: 3043 daAuts
   Orc:2: 2710 daAuts
Spider:2: 2671 daAuts
Spider:3: 2661 daAuts
   Elf:1: 2315 daAuts
  Lair:1: 2188 daAuts
  Lair:3: 2150 daAuts
Spider:1: 2124 daAuts
    D:12: 2006 daAuts
    D:15: 1937 daAuts
   Elf:2: 1925 daAuts
    D:14: 1838 daAuts
  Lair:2: 1661 daAuts

Table legend:
 A = Kills in this place as a percentage of kills in entire the game.
 B = Kills by you in this place as a percentage of kills by you in the entire game.
 C = Kills by friends in this place as a percentage of kills by friends in the entire game.
 D = Other kills in this place as a percentage of other kills in the entire game.
 E = Experience gained in this place as a percentage of experience gained in the entire game.
 F = Experience gained in this place divided by the number of levels of this place that you have seen.
                   A       B       C       D       E      F
               +-------+-------+-------+-------+-------+----------------------
         Total | 100.0 | 100.0 |   N/A |   N/A | 100.0 | 8922.6
       Dungeon |  36.3 |  36.3 |   N/A |   N/A |  22.0 | 4456.5
          Lair |  15.3 |  15.3 |   N/A |   N/A |  16.6 | 10101.2
   Spider Nest |  19.8 |  19.8 |   N/A |   N/A |  28.9 | 21918.0
  Orcish Mines |  10.4 |  10.4 |   N/A |   N/A |   5.3 | 8086.0
   Elven Halls |   7.9 |   7.9 |   N/A |   N/A |  16.1 | 24484.5
        Vaults |   3.1 |   3.1 |   N/A |   N/A |   8.0 | 24285.0
         Sewer |   4.8 |   4.8 |   N/A |   N/A |   0.1 | 371.0
       Volcano |   0.6 |   0.6 |   N/A |   N/A |   1.3 | 3867.0
      Gauntlet |   1.8 |   1.8 |   N/A |   N/A |   1.5 | 4681.0
               +-------+-------+-------+-------+-------+----------------------
